 Dungeon Crawl Stone Soup version 0.23.2-40-g277498a001 (webtiles) character file.

Game seed: 11486914412488104533

207 Clehvi the Shooter (level 5, -3/46 HPs)
             Began as a Centaur Hunter on Oct 13, 2019.
             Was a Follower of Okawaru.
             Killed from afar by an orc wizard (6 damage)
             ... with a magic dart
             ... on level 4 of the Dungeon.
             The game lasted 00:18:23 (3585 turns).

Clehvi the Shooter (Centaur Hunter)                 Turns: 3585, Time: 00:18:24

Health: -3/46      AC:  4    Str: 15    XL:     5   Next: 54%
Magic:  5/5        EV:  9    Int: 10    God:    Okawaru [*.....]
Gold:   112        SH:  0    Dex: 10    Spells: 4/4 levels left

rFire    . . .     SeeInvis .   a - +1 shortbow
rCold    . . .     Gourm    .   (shield currently unavailable)
rNeg     . . .     Faith    .   c - +0 leather armour
rPois    .         Spirit   .   (no helmet)
rElec    .         Reflect  .   (no cloak)
rCorr    .         Harm     .   (no gloves)
MR       .....                  (no barding)
Stlth    +.........             (no amulet)
HPRegen  0.15/turn              (no ring)
MPRegen  0.09/turn              (no ring)

@: slowed
A: large, hooves 3, deformed body, speed 2, tough skin 3
a: Heroism, Renounce Religion


You were on level 4 of the Dungeon.
You worshipped Okawaru.
Okawaru was aware of your devotion.
You were not hungry.

You visited 2 branches of the dungeon, and saw 6 of its levels.

You collected 112 gold pieces.

Inventory:

Hand Weapons
 a - a +1 shortbow (weapon)
 b - a +0 short sword
 l - a +0 hunting sling
Missiles
 d - 37 arrows (quivered)
 g - 70 stones
 j - 21 sling bullets
 s - 7 poisoned needles
Armour
 c - a +0 leather armour (worn)
 e - a cursed +0 robe
 n - a +2 cloak
 y - a +0 pair of gloves
Jewellery
 o - an uncursed ring of ice {unknown}
 q - an uncursed amulet of faith {unknown}
 u - an uncursed ring of magical power
 x - an uncursed amulet of magic regeneration {unknown}
 A - an uncursed ring of protection from fire {unknown}
Wands
 p - a wand of disintegration (14)
Scrolls
 i - a scroll of fog {unknown}
 k - 3 scrolls of remove curse {unknown}
 m - a scroll of enchant armour {unknown}
 v - 2 scrolls of magic mapping {unknown}
 w - a scroll of blinking {unknown}
 z - 3 scrolls of identify {unknown}
Potions
 h - a potion of cancellation {unknown}
 r - 4 potions of curing {unknown}
 t - 2 potions of magic {unknown}
 B - a potion of ambrosia {unknown}
Comestibles
 f - 3 rations


   Skills:
 + Level 3.8 Fighting
 + Level 6.7 Bows
 - Level 1.3 Dodging
 - Level 0.4 Stealth
 + Level 2.9 Unarmed Combat


You had 4 spell levels left.
You didn't know any spells.
Your spell library was empty.

Dungeon Overview and Level Annotations

Branches:
Dungeon (5/15)             Temple (1/1) D:4

Altars:
Ashenzari
Cheibriados
Dithmenos
Fedhas
Hepliaklqana
Kikubaaqudgha
Makhleb
Okawaru
Qazlal
Sif Muna
Xom
Zin
The Shining One

Annotations:
D:2 Jessica
D:3 Purgy


Innate Abilities, Weirdness & Mutations

You have hooves in place of feet.
Armour fits poorly on your strangely shaped body.
You cover ground very quickly.
You have extremely tough skin. (AC +3)


Message History

The orc wizard mumbles some strange words.
The orc wizard seems to speed up.
The orc wizard casts a spell at you. The magic dart hits you!
The orc wizard points at you and mumbles some strange words.
The magic dart hits you.
* * * LOW HITPOINT WARNING * * *
The orc wizard casts a spell at you.
You feel yourself slow down.
The orc wizard points at you and mumbles some strange words.
The magic dart hits you!
* * * LOW HITPOINT WARNING * * *
The orc wizard casts a spell at you. The magic dart hits you!
* * * LOW HITPOINT WARNING * * *
The orc wizard mumbles some strange words.
The orc wizard blinks!
The orc wizard gestures at you while chanting.
The magic dart hits you.
You die...

○..............#
...............#
.............°.#
.............°.#
.............°.#
######8.8#######
##.#.# #.#.# #@#.#
################.#.#
#<.........§...o.#.#
#.################.#
#.# .# #.# .# # #o#
.# .# #.# .# .. #.#
#######.#.#.#


You could see an orc wizard.

Vanquished Creatures
  An ogre (D:4)
  A bullfrog skeleton (D:4)
  An iguana (D:4)
  2 adders
  2 worms (D:2)
  A dart slug (D:1)
  A leopard gecko (D:1)
  An orc (D:3)
  5 giant cockroaches
  3 goblins
  6 hobgoblins
  3 jackals (D:2)
  5 bats
  A frilled lizard (D:1)
  7 kobolds
  A leopard gecko skeleton (D:4)
  3 rats
44 creatures vanquished.

Notes
Turn   | Place    | Note
-------+----------+-------------------------------------------
     0 | D:1      | Clehvi the Centaur Hunter began the quest for the Orb.
     0 | D:1      | Reached XP level 1. HP: 17/17 MP: 1/1
   356 | D:1      | Reached XP level 2. HP: 24/24 MP: 2/2
   525 | D:1      | Reached skill level 1 in Unarmed Combat
  1604 | D:2      | Noticed Jessica
  1684 | D:2      | Reached XP level 3. HP: 30/30 MP: 3/3
  2533 | D:4      | Reached skill level 6 in Bows
  2533 | D:4      | Reached XP level 4. HP: 38/38 MP: 4/4
  2534 | D:4      | Noticed an ogre
  2710 | D:5      | Entered Level 5 of the Dungeon
  2710 | D:5      | Noticed a centaur
  2873 | D:4      | Found a staircase to the Ecumenical Temple.
  2883 | Temple   | Entered the Ecumenical Temple
  2928 | Temple   | Became a worshipper of Warmaster Okawaru
  3021 | D:4      | Noticed Purgy
  3379 | D:4      | Noticed an ogre
  3417 | D:4      | Killed an ogre
  3417 | D:4      | Reached * piety under Okawaru
  3417 | D:4      | Reached XP level 5. HP: 46/46 MP: 5/5
  3580 | D:4      | HP: 2/46 [orc wizard/magic dart (7)]
  3585 | D:4      | Killed from afar by an orc wizard

Skill      XL: |  1  2  3 |
---------------+----------+-----
Unarmed Combat | 1 2 |  2.9
Fighting       | 3 |  3.8
Bows           | 6 |  6.7
Dodging        | |  1.3
Stealth        | |  0.4

Action                   |  1- 3 |  4- 6 || total
-------------------------+-------+-------++-------
Melee: Unarmed           |   123 |    11 ||   134
       Kick              |    31 |     3 ||    34
 Fire: Shortbow          |    28 |    58 ||    86
Throw: Stone             |    22 |       ||    22
  Eat: Chunk             |     3 |     3 ||     6
Armor: Leather armour    |    50 |     4 ||    54
Dodge: Dodged            |    47 |     4 ||    51
